 Dungeon Crawl Stone Soup version 0.29-a0-459-g97dee8cd24 (webtiles) character file.

Game seed: 10965551476027005282

153 spiderkeys the Skirmisher (level 5, 0/57 HPs)
             Began as an Ogre Abyssal Knight on May 20, 2022.
             Was a Priest of Lugonu.
             Slain by a human skeleton (1 damage)
             ... on level 5 of the Dungeon.
             The game lasted 00:03:23 (2804 turns).

spiderkeys the Skirmisher (Ogre Abyssal Knight)     Turns: 2804, Time: 00:03:24

Health: 0/57       AC:  3    Str: 17    XL:     5   Next: 35%
Magic:  6/7        EV: 10    Int: 13    God:    Lugonu [***...]
Gold:   160        SH:  0    Dex:  9    Spells: 4/4 levels left

rFire   . . .      SeeInvis .   a - +1 spear
rCold   . . .      Faith    .   (no shield)
rNeg    . . .      Spirit   .   b - +0 robe
rPois   .          Reflect  .   (helmet restricted)
rElec   .          Harm     .   (no cloak)
rCorr   .          Rampage  .   (gloves unavailable)
Will    .....                   (boots unavailable)
Stlth   +.........              g - amulet of regeneration
HPRegen 0.99/turn               (no ring)
MPRegen 0.10/turn               (no ring)

@: about to teleport
A: large, unfitting armour, tough skin 1
a: Renounce Religion, Depart the Abyss, Bend Space, Banish


You were on level 5 of the Dungeon.
You worshipped Lugonu.
Lugonu was most pleased with you.
You visited 1 branch of the dungeon, and saw 5 of its levels.
You visited the Abyss 1 time.

You collected 160 gold pieces.


Innate Abilities, Weirdness & Mutations

You are too large for most types of armour.
You have tough skin. (AC +1)


   Skills:
 + Level 5.1 Fighting
 + Level 3.1 Polearms
 + Level 3.1 Dodging
 + Level 3.3 Invocations


You had 4 spell levels left.
You didn't know any spells.
Your spell library contained the following spells:

 Spells                   Type           Power      Damage    Failure   Level
 Beastly Appendage        Tmut           0%         N/A       30%         1
 Wereblood                Tmut           0%         N/A       43%         2
 Spider Form              Tmut/Pois      0%         N/A       67%         3

Inventory:

Hand Weapons
 a - a +1 spear (weapon)
Missiles
 n - 2 silver javelins
 o - 21 stones
Armour
 b - a +0 robe (worn)
 d - a +0 robe
   (You took it off an orc wizard on level 3 of the Dungeon)
 l - a +0 robe
   (You found it on level 2 of the Dungeon)
Jewellery
 g - an amulet of regeneration (around neck)
   (You found it on level 4 of the Dungeon)
Wands
 m - a wand of mindburst (15)
   (You found it on level 2 of the Dungeon)
Potions
 c - 4 potions of degeneration {unknown}
 e - 2 potions of ambrosia {unknown}
 f - 2 potions of mutation {unknown}
 h - 4 potions of curing {unknown}
 i - a potion of invisibility {unknown}
 j - 2 potions of flight {unknown}

Dungeon Overview and Level Annotations

Branches:
Dungeon (5/15)
 Temple: D:4-7

Altars:

Portals:
Ossuary: D:5

### #.#####
#+#+###.....#
+...Zāˆ©#.....+
#..@###.....#
+(Sos.#.....
#+#h###..#########
#JhZS..##......#
######Zs........#
#.#..h...#.....<#
#.#......#####..#
#.#Zhs...# #..#
#.#..?.J.# #..#


You could see a black bear, a scorpion, a hound, a jelly, an adder, an orc and a
human skeleton.


Message History

You take 1 damage, and now have 40/57 hp.
You lost 1 mp, and now have 6/7 mp.
Unknown command.
The hound stops to sniff the ground.
The hound bites you. šŸ˜® HP[-1]
You take 1 damage, and now have 39/57 hp. šŸ˜® HP[+1]
The hound barely misses you. šŸ˜® HP[+1] Space bends violently around you!
You blink. šŸ˜® HP[-1] MP[-1]
You take 1 damage, and now have 40/57 hp.
You lost 1 mp, and now have 5/7 mp.
Unknown command. šŸ˜® HP[+1] Space bends violently around you!
You blink.
The human skeleton barely misses you. šŸ˜® HP[-1] MP[-1]
You take 1 damage, and now have 40/57 hp.
You lost 1 mp, and now have 4/7 mp.
Unknown command.
The orc attacks as you move away! The orc hits you with a +0 mace.
The black bear bites you. The black bear completely misses you.
The black bear claws you. šŸ˜® HP[-11]
You take 11 damage, and now have 29/57 hp.
The orc attacks as you move away! The orc hits you with a +0 mace.
* * * LOW HITPOINT WARNING * * *
šŸ˜Ø HP[-5]
You take 5 damage, and now have 24/57 hp.
The orc attacks as you move away! The orc hits you with a +0 mace.
* * * LOW HITPOINT WARNING * * *
The black bear attacks as you move away!
The black bear bites you but does no damage.
The black bear claws you.
* * * LOW HITPOINT WARNING * * *
The black bear closely misses you.
There is an open door here. šŸ˜Ø HP[-6] MP[+1]
You take 6 damage, and now have 18/57 hp. šŸ˜Ø HP[+1] šŸ˜Ø HP[+1]
You open the door. The orc misses you. šŸ˜Ø HP[+1]
The orc attacks as you move away! The orc hits you with a +0 mace.
* * * LOW HITPOINT WARNING * * *
There is an open door here. šŸ˜Ø HP[-2]
You take 2 damage, and now have 19/57 hp. šŸ˜Ø HP[+1]
You open the door.
An orc skeleton comes into view.
The orc hits you with a +0 mace.
* * * LOW HITPOINT WARNING * * *
šŸ˜Ø HP[-2]
You take 2 damage, and now have 18/57 hp.
The orc attacks as you move away! The orc hits you with a +0 mace.
* * * LOW HITPOINT WARNING * * *
The orc skeleton closely misses you. šŸ˜± HP[-4]
You take 4 damage, and now have 14/57 hp.
You open the door.
A human skeleton comes into view.
The orc skeleton hits you but does no damage.
The orc hits you but does no damage.
Found a sand-covered staircase. šŸ˜Ø HP[+1]
You puncture the human skeleton! šŸ˜Ø HP[+1]
You hit the human skeleton. The adder closely misses you.
The orc hits you with a +0 mace.
* * * LOW HITPOINT WARNING * * *
The human skeleton hits you.
* * * LOW HITPOINT WARNING * * *
The adder closely misses you. šŸ˜Ø HP[-1] MP[+1]
You take 1 damage, and now have 15/57 hp.
You hit the human skeleton. The orc closely misses you.
The adder barely misses you. The human skeleton hits you.
* * * LOW HITPOINT WARNING * * *
The scorpion stings you.
* * * LOW HITPOINT WARNING * * *
šŸ˜± HP[-7]
You take 7 damage, and now have 8/57 hp.
As you read the scroll labelled XOEFID AKHOAX, it crumbles to dust.
You feel strangely unstable.
It was a scroll of teleportation.
The orc barely misses you. The adder barely misses you.
The scorpion completely misses you. The human skeleton hits you.
* * * LOW HITPOINT WARNING * * *
šŸ˜± HP[-2]
You take 2 damage, and now have 6/57 hp.
You hit the human skeleton. The adder barely misses you.
The orc hits you with a +0 mace.
* * * LOW HITPOINT WARNING * * *
The scorpion closely misses you. The human skeleton hits you.
You die...

Skill      XL: |  1  2  3  4 |
---------------+-------------+-----
Invocations    | 3 |  3.3
Fighting       | 5 |  5.1
Polearms       | 3 |  3.1
Dodging        | 3 |  3.1

Action                   |  1- 3 |  4- 6 || total
-------------------------+-------+-------++-------
Melee: Spear             |   128 |    37 ||   165
Invok: Bend Space        |       |     4 ||     4
Evoke: Wand              |       |     2 ||     2
  Use: Scroll            |     2 |     1 ||     3
 Stab: Sleeping          |     3 |       ||     3
Armor: Robe              |    25 |    23 ||    48
Dodge: Dodged            |    45 |    68 ||   113

Levels and vault maps discovered:
D:1:      lordsloth_arrival_two_stooges, layout_loops_corners,
          minmay_misc_feat_enclosed
D:2:      layout_loops_ring, ebering_ecumenical_altar_ruins
D:3:      layout_loops_ring, grunt_ministairs_4
D:4:      layout_rooms
D:5:      layout_basic, cheibrodos_sewer_entry_bend,
          nicolae_ossuary_entry_catacombs, minmay_chambers_of_fives

Notes
Turn   | Place    | Note
-------+----------+-------------------------------------------
     0 | Abyss:1  | spiderkeys the Ogre Abyssal Knight began the quest for the
                  | Orb.
     0 | Abyss:1  | Reached XP level 1. HP: 24/24 MP: 2/2
     0 | Abyss:1  | magus.rc [v1.11.3]
   163 | Abyss:1  | Noticed a chaos spawn
   177 | D:1      | You pass through the gate.
   177 | D:1      | Escaped the Abyss
   329 | D:1      | Reached XP level 2. HP: 32/32 MP: 3/3
   356 | D:1      | You pick up a book of Changes and begin reading...
   356 | D:1      | You add the spells Beastly Appendage, Wereblood and Spider
                  | Form to your library.
   411 | D:1      | You pick up a book of Changes and begin reading...
   831 | D:1      | Reached XP level 3. HP: 36/40 MP: 4/4
  1139 | D:2      | Found a faded altar of an unknown god.
  1383 | D:2      | Reached *** piety under Lugonu
  1395 | D:2      | Identified the +2 scale mail "Liti" {rC+ Str+3 SInv}
  2243 | D:3      | Reached XP level 4. HP: 42/49 MP: 6/6
  2262 | D:3      | Reached skill level 3 in Invocations
  2463 | D:3      | You fall into a shaft and drop 2 floors!
  2463 | D:5      | Entered Level 5 of the Dungeon
  2465 | D:5      | Noticed a black bear
  2465 | D:5      | Noticed a scorpion
  2465 | D:5      | Noticed a scorpion
  2476 | D:5      | Killed a scorpion
  2477 | D:5      | Reached skill level 5 in Fighting
  2477 | D:5      | Reached skill level 3 in Polearms
  2477 | D:5      | Reached skill level 3 in Dodging
  2477 | D:5      | Reached XP level 5. HP: 57/57 MP: 7/7
  2509 | D:4      | HP: 13/57 [ufetubus (3)]
  2798 | D:5      | HP: 13/57 [orc/+0 mace (5)]
  2799 | D:5      | Found a sand-covered staircase.
  2803 | D:5      | HP: 6/57 [human skeleton (3)]
  2804 | D:5      | HP: 1/57 [orc/+0 mace (6)]
  2804 | D:5      | Slain by a human skeleton

Vanquished Creatures
  A scorpion (D:5)
  An orc wizard (D:3)
  An adder (D:3)
  An ufetubus (D:4)
  A worm (D:2)
  A dart slug (D:1)
  2 orcs (D:3)
  2 bats (D:1)
  5 endoplasms
  4 goblins
  6 hobgoblins
  3 jackals (D:2)
  2 quokkas
  7 ball pythons
  2 frilled lizards
  A kobold (D:2)
  4 rats
44 creatures vanquished.

Table legend:
 A = Non-vault XP
 B = Vault XP
 C = Vault XP percentage of total XP
 D = Non-vault monster count
 E = Vault monster count
 F = Vault count percentage of total count
                 A         B        C        D         E       F
            +---------+---------+-------+---------+---------+-------
      Total |     132 |      87 |  39.7 |      43 |       1 |   2.3
            +---------+---------+-------+---------+---------+-------
        D:1 |      40 |       0 |   0.0 |      23 |       0 |   0.0
        D:2 |      26 |       0 |   0.0 |      13 |       0 |   0.0
        D:3 |      58 |       0 |   0.0 |       6 |       0 |   0.0
        D:4 |       8 |       0 |   0.0 |       1 |       0 |   0.0
        D:5 |       0 |      87 | 100.0 |       0 |       1 | 100.0
            +---------+---------+-------+---------+---------+-------

Illustrated notes

Table legend:
 A = Kills in this place as a percentage of kills in entire the game.
 B = Kills by you in this place as a percentage of kills by you in the entire game.
 C = Kills by friends in this place as a percentage of kills by friends in the entire game.
 D = Other kills in this place as a percentage of other kills in the entire game.
 E = Experience gained in this place as a percentage of experience gained in the entire game.
 F = Experience gained in this place divided by the number of levels of this place that you have seen.
                   A       B       C       D       E      F
               +-------+-------+-------+-------+-------+----------------------
         Total | 100.0 | 100.0 |   N/A |   N/A | 100.0 |  36.5
       Dungeon | 100.0 | 100.0 |   N/A |   N/A | 100.0 |  43.8
               +-------+-------+-------+-------+-------+----------------------

Table legend: (Time is in decaauts)
 A = Elapsed time spent in this place.
 B = Non-inter-level travel time spent in this place.
 C = Inter-level travel time spent in this place.
 D = Time resting spent in this place.
 E = Time spent auto-exploring this place.
 F = Levels seen in this place.
 G = Mean time per level.
                   A        B        C        D        E       F      G
               +--------+--------+--------+--------+--------+-----+--------+
         Total |   2803 |   2750 |     53 |    241 |   2066 |   6 |  467.2 |
       Dungeon |   2623 |   2570 |     53 |    241 |   1963 |   5 |  524.6 |
         Abyss |    180 |    180 |      0 |      0 |    103 |   1 |  180.0 |
               +--------+--------+--------+--------+--------+-----+--------+

Top non-repeatable levels by time:
     D:2: 920 daAuts
     D:1: 897 daAuts
     D:3: 465 daAuts
     D:4: 266 daAuts
 Abyss:1: 180 daAuts
     D:5: 73 daAuts
